 Dungeon Crawl Stone Soup version 0.27.1-4-g1640c2035a (webtiles) character file.

Game seed: 16978200348863591229

3847 FancyManDan the Insei (level 9, -4/111 (117) HPs)
             Began as a White Draconian Transmuter on Nov 4, 2021.
             Was a High Priest of Ru.
             Splashed by Harold's acid (11 damage)
             ... on level 8 of the Dungeon.
             The game lasted 00:43:39 (8328 turns).

FancyManDan the Insei (White Draconian Transmuter)  Turns: 8328, Time: 00:43:40

HP:   -4/111 (117)  AC: 16    Str: 18    XL:     9   Next: 98%
MP:   0/14          EV:  2    Int: 16    God:    Ru [*****.]
Gold: 571           SH:  0    Dex: 13    Spells: 2/15 levels left

rFire    . . .     SeeInvis .     - Unarmed
rCold    . . .     Faith    .   (shield unavailable)
rNeg     + + +     Spirit   +   (armour unavailable)
rPois    +         Reflect  .   (helmet currently unavailable)
rElec    .         Harm     .   (cloak currently unavailable)
rCorr    .         Rampage  .   (gloves currently unavailable)
Will     .....     NoTele   +   (boots currently unavailable)
Stlth    +.........             m - amulet of guardian spirit
HPRegen  0.28/turn              (ring unavailable)
MPRegen  0.14/turn              c - +6 ring of strength

@: brilliant, exhausted, tree-form, corroded, attractive, hasted, drained, very
quick
A: stationary, stasis, torment immunity, boosted hp, (breathe frost), AC +7,
unfitting armour, (cold resistance 1), screaming 1, (cold-blooded), missing a
hand, hated by all
a: Renounce Religion, Draw Out Power, Power Leap, Apocalypse


You were on level 8 of the Dungeon.
You worshipped Ru.
Ru was extremely pleased with you.
You were a tree.
You visited 1 branch of the dungeon, and saw 8 of its levels.
You also visited: Ossuary.

You collected 571 gold pieces.

Inventory:

Jewellery
 c - a +6 ring of strength (right branch)
 m - an amulet of guardian spirit (around neck)
 A - a ring of fire
 B - a +4 ring of protection
Wands
 l - a wand of iceblast (5)
 v - a wand of mindburst (15)
 w - a wand of acid (5)
Scrolls
 b - 3 scrolls of magic mapping {unknown}
 e - 2 scrolls of torment {unknown}
 f - a scroll of immolation {unknown}
 g - 3 scrolls of noise {unknown}
 h - 4 scrolls of identify {unknown}
 i - 6 scrolls of teleportation {unknown}
 k - a scroll of summoning {unknown}
 r - 2 scrolls of fear {unknown}
 s - a scroll of enchant armour {unknown}
 t - a scroll of brand weapon {unknown}
 x - a scroll of holy word {unknown}
 y - a scroll of silence {unknown}
Potions
 a - 6 potions of curing
 d - a potion of attraction
 j - 3 potions of cancellation
 n - a potion of berserk rage {unknown}
 o - 2 potions of lignification
 p - 2 potions of haste
 q - a potion of ambrosia {unknown}
 u - 2 potions of brilliance
 z - a potion of degeneration {unknown}
 C - a potion of magic {unknown}
 D - a potion of mutation {unknown}
 E - 2 potions of heal wounds {unknown}


   Skills:
 + Level 6.7 Fighting
 + Level 5.9 Dodging
 + Level 7.1 Unarmed Combat
 + Level 3.6 Spellcasting
 + Level 6.9 Transmutations
 + Level 6.7 Ice Magic


You had 2 spell levels left.
You knew the following spells:

 Your Spells              Type           Power      Damage    Failure   Level
a - Beastly Appendage     Tmut           74%        N/A       1%          1
b - Wereblood             Tmut           37%        N/A       1%          2
c - Spider Form           Tmut/Pois      10%        N/A       13%         3
d - Ice Form              Ice/Tmut       37%        N/A       11%         4
e - Frozen Ramparts       Ice            72%        1d9       3%          3

Your spell library contained the following spells:

 Spells                   Type           Power      Damage    Failure   Level
 Freeze                   Ice            100%       1d11      1%          1
 Ignite Poison            Fire/Tmut/Pois 15%        N/A       21%         3
 Hailstorm                Conj/Ice       20%        3d6       41%         4
 Conjure Flame            Conj/Fire      4%         6-21      47%         3
 Sticky Flame             Conj/Fire      4%         2d3       87%         4


Dungeon Overview and Level Annotations

Branches:
Dungeon (8/15)             Temple (0/1) D:4         Ossuary (visited)
   Lair: D:8-11

Altars:
Ashenzari
Gozag
Makhleb
Okawaru
Ru
Vehumet
Yredelemnul

Annotations:
D:6 2 transporters, Arandomuser's ghost, novice MiBe
D:8 Harold


Innate Abilities, Weirdness & Mutations

You are a tree.
Your roots penetrate the ground, keeping you stationary.
You cannot be teleported.
You are immune to unholy pain and torment.
Your maximum health is greatly increased.
Your equipment is partially melded.
((You can breathe waves of freezing cold which knock back foes.))
((Your icy white scales are hard. (AC +7)))
You cannot fit into any form of body armour.
((Your flesh is cold resistant. (rC+)))
You occasionally shout uncontrollably at your foes.
((You are cold-blooded and may be slowed by cold attacks.))
You are missing a hand.
You are hated by all.


Message History

It was a potion of cancellation.
Your magical effects are unravelling.
You feel magically purged.
Your transformation has ended.
The frozen ramparts melt away.
The sentinel's mark upon you fades away.
Your primal bloodlust has ended.
Harold hits you with a +2 dire flail of protection!
* * * LOW HITPOINT WARNING * * *
Okay, then.
Okay, then.
Okay, then.
Okay, then.
You are restored by drawing out deep reserves of power within.
You feel drained.
Harold says happily, "The price on your head will fill my nest egg nicely!"
Harold begins to cast a spell, but is stunned by your conviction!
Casting: Wereblood (safe; 1% risk of failure)
Confirm with . or Enter, or press ? or * to list all spells.
You turn into a venomous arachnid creature.
Harold zaps a wand.
The bolt of acid hits you! The acid corrodes you!
You are splashed with acid!
* * * LOW HITPOINT WARNING * * *
It was a potion of lignification.
Your transformation has ended.
You turn into a tree.
Your roots penetrate the ground.
Harold hits you but does no damage.
It was a potion of haste.
You feel yourself speed up.
Harold hits you with a +2 dire flail of protection!
* * * LOW HITPOINT WARNING * * *
You feel better.
It was a potion of brilliance.
You feel clever all of a sudden. Harold hits you but does no damage.
It was a potion of attraction.
You feel attractive to monsters.
Harold zaps a wand.
The bolt of acid hits you!
* * * LOW HITPOINT WARNING * * *
The acid corrodes you!
You are splashed with acid!
You die...

#....c
####........
#.....##
............
#......#
............
#......
......######
#...... ......#
#....# ##.....#
#....####(.....#
#....)@..........
#....♣##########.
##..#.# # ####.#
# #.# . #.# . #.#
#.# #.########
#.........


You could see Harold (very poisoned).

Vanquished Creatures
  A two-headed ogre (D:8)
  Joseph (D:8)
  A steam dragon (D:6)
  4 water moccasins (D:7)
  An orc warrior (D:7)
  2 sky beasts
  3 ice beasts
  2 black bears
  2 necrophages
  2 centaurs (D:8)
  3 ogres
  2 scorpions
  A water moccasin zombie (D:6)
  A wyvern skeleton (D:7)
  A water moccasin skeleton (D:5)
  4 orc priests
  A centaur skeleton (D:6)
  A gnoll shaman (D:7)
  3 hounds
  A jelly (D:6)
  3 bullfrog skeletons
  2 iguanas
  3 orc wizards
  A statue (D:8)
  5 hound zombies
  4 mummies (Ossuary)
  2 adders
  A white imp (D:7)
  An adder skeleton (D:4)
  A worm (D:3)
  A dart slug (D:1)
  16 orcs
  10 ball pythons
  3 endoplasms (D:1)
  5 goblins
  12 hobgoblins
  4 kobolds
  4 quokkas
  4 bats
  5 frilled lizards (D:1)
  A goblin zombie (Ossuary)
  2 hobgoblin zombies (Ossuary)
  2 jackal zombies (Ossuary)
  A kobold zombie (Ossuary)
  An orc zombie (Ossuary)
  5 rats
  2 rat zombies (Ossuary)
138 creatures vanquished.

Vanquished Creatures (others)
  An orc wizard (D:6)
  2 orcs
3 creatures vanquished.

Grand Total: 141 creatures vanquished

Notes
Turn   | Place    | Note
-------+----------+-------------------------------------------
     0 | D:1      | FancyManDan the Draconian Transmuter began the quest for
                  | the Orb.
     0 | D:1      | Reached XP level 1. HP: 16/16 MP: 3/3
   189 | D:1      | Reached XP level 2. HP: 20/23 MP: 3/5
   243 | D:1      | Learned a level 2 spell: Wereblood
   688 | D:2      | Reached XP level 3. HP: 29/29 MP: 4/6
   748 | D:2      | Found a faded altar of an unknown god.
   756 | D:2      | Became a worshipper of Ru the Awakened
   779 | D:2      | Gained mutation: You occasionally shout uncontrollably at
                  | your foes. [Ru sacrifice]
  1546 | D:3      | Found an iron altar of Okawaru.
  1804 | D:3      | Reached XP level 4. HP: 13/36 MP: 4/8
  1812 | D:2      | Learned a level 3 spell: Spider Form
  2329 | D:4      | Noticed a scorpion
  2345 | D:4      | Killed a scorpion
  2346 | D:4      | Reached XP level 5. HP: 26/42 MP: 7/9
  2509 | D:4      | Noticed a necrophage
  2531 | D:4      | Reached skill level 4 in Unarmed Combat
  2535 | D:4      | Killed a necrophage
  2536 | D:4      | Reached XP level 6. HP: 29/51 MP: 7/10
  2545 | D:3      | Learned a level 4 spell: Ice Form
  2892 | D:4      | Found a sacrificial altar of Ru.
  3051 | D:4      | Found a staircase to the Ecumenical Temple.
  3179 | D:4      | Found a burning altar of Makhleb.
  3497 | D:4      | Gained mutation: You are missing a hand. [Ru sacrifice]
  3497 | D:4      | Reached * piety under Ru
  3497 | D:4      | Reached ** piety under Ru
  3497 | D:4      | Reached *** piety under Ru
  3548 | D:5      | Entered Level 5 of the Dungeon
  3668 | D:5      | Your scales start taking on an icy white colour.
  3668 | D:5      | Reached XP level 7. HP: 57/57 MP: 11/11
  3668 | D:5      | Gained mutation: Your flesh is cold resistant. (rC+) [White
                  | Draconian growth]
  3679 | D:5      | Found a sand-covered staircase.
  3683 | Ossuary  | Entered an ossuary
  4159 | D:5      | Reached skill level 1 in Ice Magic
  4592 | D:6      | Reached skill level 5 in Unarmed Combat
  4679 | D:6      | Reached XP level 8. HP: 49/67 MP: 0/12
  4691 | D:6      | Found a transporter.
  4771 | D:6      | Noticed Arandomuser's ghost (novice MiBe)
  4788 | D:6      | Found a broken altar of Ashenzari.
  4866 | D:6      | Reached skill level 5 in Transmutations
  5437 | D:6      | Found a transporter.
  5487 | D:6      | Found an opulent altar of Gozag.
  5993 | D:7      | Reached skill level 5 in Fighting
  5999 | D:7      | Reached skill level 5 in Ice Magic
  6240 | D:7      | Reached skill level 6 in Unarmed Combat
  6240 | D:7      | Reached XP level 9. HP: 46/74 MP: 5/13
  6248 | D:7      | Reached skill level 5 in Dodging
  6691 | D:7      | Gained mutation: You are hated by all. [Ru sacrifice]
  6691 | D:7      | Reached **** piety under Ru
  6691 | D:7      | Reached ***** piety under Ru
  7035 | D:8      | Noticed Joseph
  7250 | D:8      | Killed Joseph
  7778 | D:8      | Learned a level 3 spell: Frozen Ramparts
  7849 | D:8      | Noticed a two-headed ogre
  7859 | D:8      | Killed a two-headed ogre
  7860 | D:8      | Reached skill level 7 in Unarmed Combat
  8025 | D:8      | Found a radiant altar of Vehumet.
  8303 | D:8      | Noticed Harold
  8328 | D:8      | Splashed by Harold's acid

Illustrated notes

Levels and vault maps discovered:
D:1:      scummos_arrival_simple_fountains, layout_rooms
D:2:      layout_rooms, shapermc_ecumenical_altar_notcrosses,
          serial_co_window_serial, co_window_paths_a,
          co_window_of_opportunity_a, co_window_cross_1, co_window_corner_a,
          co_window_paths_a, co_window_of_opportunity_a,
          co_window_of_opportunity_a, co_window_unsneaky_path_c,
          co_window_2corner, co_window_of_opportunity_b, co_window_2corner,
          co_window_corner_b, co_window_of_opportunity_b, co_window_broadway_a,
          glass_columns_a, glass_columns_a, glass_columns_b
D:3:      layout_rooms, mainiacjoe_overflow_24_doors, minmay_increasing_density
D:4:      layout_cave_pods, makhleb_heckhound_becter, lemuel_crystal_altar,
          minmay_temple_entry_waves
D:5:      layout_rooms, nicolae_ossuary_entry_false_entrances,
          hangedman_glass_teeth, hangedman_decor_opposing
D:6:      layout_basic, grunt_gozag_breadcrumbs, ashenzari_altar_1,
          gammafunk_ghost_stat_death
D:7:      layout_rooms, overflow_temple_1_default,
          eino_small_chamber_without_monster, minmay_fractal_squares_5
D:8:      layout_cave_pods, vehumet_statue, minmay_misc_feat_rows, minivault_5,
          uniq_harold, uniq_joseph

Skill      XL: |  1  2  3  4  5  6  7  8  9 |
---------------+----------------------------+-----
Dodging        | 2 3 4 5 |  5.9
Fighting       | 2 3 4 5 6 |  6.7
Spellcasting   | 3 |  3.6
Unarmed Combat | 4 5 6 7 |  7.1
Transmutations | 3 4 5 6 |  6.9
Ice Magic      | 3 5 6 |  6.7

Action                   |  1- 3 |  4- 6 |  7- 9 || total
-------------------------+-------+-------+-------++-------
Melee: Unarmed           |    92 |    89 |   276 ||   457
       Kick              |    27 |    26 |    24 ||    77
       Headbutt          |     9 |    18 |    14 ||    41
       Punch             |     3 |     1 |       ||     4
       Tailslap          |     7 |    10 |    18 ||    35
 Cast: Beastly Appendage |    28 |    18 |    12 ||    58
       Wereblood         |     6 |     5 |    11 ||    22
       Spider Form       |       |       |    17 ||    17
       Ice Form          |       |       |     4 ||     4
       Frozen Ramparts   |       |       |     2 ||     2
Invok: Sacrifice Purity  |     1 |       |       ||     1
       Sacrifice a Hand  |       |     1 |       ||     1
       Power Leap        |       |       |     2 ||     2
       Draw Out Power    |       |       |     1 ||     1
       Sacrifice Love    |       |       |     1 ||     1
 Abil: Breathe Frost     |       |       |     1 ||     1
  Use: Potion            |       |       |     7 ||     7
 Stab: Sleeping          |       |     1 |       ||     1
       Invisible         |       |       |     8 ||     8
       Distracted        |       |       |     1 ||     1
Armor: Skin              |    22 |    21 |    94 ||   137
Dodge: Dodged            |    50 |    47 |   262 ||   359
